 Dungeon Crawl Stone Soup version 0.28.0 (webtiles) character file.

Game seed: 10932209586392280730

602 GrayStillPlays the Caller (level 7, -2/41 HPs)
             Began as an Octopode Summoner on Feb 17, 2022.
             Slain by a hornet (15 damage)
             ... on level 4 of the Dungeon.
             The game lasted 00:15:06 (5748 turns).

GrayStillPlays the Caller (Octopode Summoner)       Turns: 5748, Time: 00:15:06

Health: -2/41      AC:  1    Str:  8    XL:     7   Next: 41%
Magic:  13/13      EV: 14    Int: 19    God:
Gold:   155        SH:  0    Dex: 12    Spells: 10/14 levels left

rFire   . . .      SeeInvis .   g - +3 mace {mace}
rCold   . . .      Faith    .   (no shield)
rNeg    . . .      Spirit   .   (helmet restricted)
rPois   .          Reflect  .   (no amulet)
rElec   .          Harm     .   (no ring)
rCorr   .          Rampage  .   (no ring)
Will    .....                   (no ring)
Stlth   +++.......              (no ring)
HPRegen 0.13/turn               (no ring)
MPRegen 0.13/turn               (no ring)
                                (no ring)
                                (no ring)

@: lethally poisoned (-2 -> -6), slowed, very slow
A: almost no armour, amphibious, 8 rings, camouflage 1, gelatinous body 1,
(nimble swimmer 1), tentacles
a: no special abilities


You were on level 4 of the Dungeon.
You visited 1 branch of the dungeon, and saw 4 of its levels.
You also visited: Sewer.

You collected 155 gold pieces.


Innate Abilities, Weirdness & Mutations

You cannot wear most types of armour.
You are amphibious.
You can wear up to eight rings at the same time.
Your skin changes colour to match your surroundings (Stealth+).
Your rubbery body absorbs attacks. (AC +1, EV +1)
((You are camouflaged when in or above water. (Stealth+)))
You have tentacles for arms and can constrict up to eight enemies at once.


   Skills:
 + Level 4.8 Dodging
 - Level 2.6 Stealth
 + Level 4.4 Spellcasting
 + Level 6.0 Summonings


You had 10 spell levels left.
You knew the following spells:

 Your Spells              Type           Power      Damage    Failure   Level
a - Summon Small Mammal   Summ           100%       N/A       1%          1
b - Call Canine Familiar  Summ           27%        N/A       3%          3

Your spell library contained the following spells:

 Spells                   Type           Power      Damage    Failure   Level
 Call Imp                 Summ           27%        N/A       1%          2
 Summon Guardian Golem    Hex/Summ       15%        N/A       12%         3
 Summon Lightning Spire   Summ/Air       15%        N/A       36%         4

Inventory:

Hand Weapons
 e - a +0 whip {mace}
   (You found it on level 1 of the Dungeon)
 g - a +3 mace (weapon) {mace}
   (You found it on level 1 of the Dungeon)
 j - a +1 hand axe of electrocution {axe}
   (You found it on level 2 of the Dungeon)
 r - a +1 dagger of speed {short}
   (You took it off a kobold in a sewer)
Missiles
 d - 116 stones {throwing}
 h - 69 arrows
 i - 28 sling bullets
 o - 6 boomerangs {throwing}
 q - 15 poisoned darts {throwing}
 u - 2 curare-tipped darts {=fthrowing}
Scrolls
 b - 3 scrolls of teleportation {@r4}
 c - 2 scrolls of identify {unknown}
 f - a scroll of blinking {unknown}
 k - 2 scrolls of immolation {unknown}
 l - 2 scrolls of fog {unknown}
 m - a scroll of silence {unknown}
 s - 2 scrolls of enchant weapon {unknown}
 v - a scroll of amnesia {unknown}
Potions
 a - a potion of berserk rage {unknown}
 p - a potion of flight {unknown}
 t - a potion of magic {unknown}
 w - a potion of resistance {unknown}

Dungeon Overview and Level Annotations

Branches:
Dungeon (4/15)              Sewer (visited)
 Temple: D:4-7

Altars:

...#..........
...#.....##...<....
......)...##.<....
.........[.>.#.... ##(
..........#..##... ##.##
........###.###..###....#
.#.......##.###........#
##...........##........#
####........##.@.....#
#............#y..(.# ...
##........####h....#....
##........##...........
##..#>....#.........#.
####..............##
#####.........##
#.......(...#
#..........#.#


You could see a hornet (ally target) and a friendly hound (summoned).


Message History

Found an escape hatch in the ceiling. 😎 MP[+1]
You now have 134 gold pieces (gained 12). 😎 MP[+1]
There is an escape hatch in the ceiling here.
b - 3 scrolls of teleportation {@r4} (gained 1) 😎 MP[+1]
Your mp is fully restored (13).
You swap places.
An endoplasm comes into view.
The endoplasm quivers.
What are your orders? t - Shout!
Orders for allies: a - Attack new target. r - Retreat! s - Stop attacking. g - Guard the area. f - Follow me.
Anything else - Cancel.
Gang up on whom?
Press: ? - help, Dir - move target, f - endoplasm
Aim: an endoplasm Attack!
Your hound completely misses the endoplasm.
You hit the endoplasm.
Your hound bites the endoplasm.
The endoplasm hits you.
Your hound bites the endoplasm.
The endoplasm dies! 😕 HP[-1]
You take 1 damage, and now have 40/41 hp. 😎 HP[+1]
Your hp is fully restored (41).
Found a stone staircase leading down.
Found a stone staircase leading up.
You see here a +0 mace {mace}.
Found an escape hatch in the floor.
Found a stone staircase leading up.
You now have 146 gold pieces (gained 12).
You now have 155 gold pieces (gained 9).
A hornet comes into view.
The hornet buzzes angrily.
What are your orders? t - Shout!
Orders for allies: a - Attack new target. r - Retreat! s - Stop attacking. g - Guard the area. f - Follow me.
Anything else - Cancel.
Gang up on whom?
Press: ? - help, Dir - move target, f - hornet
Aim: a hornet Attack!
Your hound misses the hornet.
Your hound bites the hornet.
You hit the hornet. Your grab misses the hornet. The hornet stings you!
You feel yourself slow down.
Your hound bites the hornet but does no damage.
The hornet stings you but does no damage. 😕 HP[-8]
You take 8 damage, and now have 33/41 hp.
You hit the hornet. Your grab misses the hornet.
Your squeeze misses the hornet.
You feel yourself speed up.
Your hound barely misses the hornet.
The hornet closely misses you.
Your hound barely misses the hornet.
The hornet stings you!
* * * LOW HITPOINT WARNING * * *
You feel yourself slow down.
Your hound closely misses the hornet.
The hornet stings you!
* * * LOW HITPOINT WARNING * * *
You feel as though you will be slow longer.
Your hound bites the hornet but does no damage. 😱 HP[-31]
You take 31 damage, and now have 2/41 hp.
MASSIVE DAMAGE!! (PAUSE) It was a potion of heal wounds.
You feel much better. The hornet stings you.
* * * LOW HITPOINT WARNING * * *
You feel as though you will be slow longer.
Your hound bites the hornet but does no damage.
The hornet stings you.
* * * LOW HITPOINT WARNING * * *
You are poisoned.
You feel as though you will be slow longer.
Your hound completely misses the hornet. 😨 HP[+12]
You regained 12 hp, and now have 14/41 hp.
You feel much better.
You feel very sick. The hornet closely misses you.
Your hound bites the hornet but does no damage.
The hornet stings you!
You feel as though you will be slow longer.
Your hound bites the hornet but does no damage. 😮 HP[+12]
You regained 12 hp, and now have 26/41 hp.
You barely miss the hornet. Your grab misses the hornet.
Your squeeze misses the hornet.
You feel very sick. The hornet stings you!
* * * LOW HITPOINT WARNING * * *
You feel as though you will be slow longer.
Your hound misses the hornet. The hornet barely misses you.
Your hound bites the hornet but does no damage.
The hornet barely misses you.
Your hound barely misses the hornet.
The hornet stings you!
You die...

Skill      XL: |  1  2  3  4  5  6  7 |
---------------+----------------------+-----
Dodging        | 3 4 |  4.8
Spellcasting   | 3 4 |  4.4
Summonings     | 5 6 |  6.0
Stealth        | |  2.6

Action                   |  1- 3 |  4- 6 |  7- 9 || total
-------------------------+-------+-------+-------++-------
Melee: Whip              |     4 |       |       ||     4
       Constrict         |     7 |    26 |     2 ||    35
       Tentacles         |     3 |    17 |     3 ||    23
       Mace              |    19 |    92 |    14 ||   125
       Punch             |     1 |     1 |       ||     2
 Cast: Summon Small Mamm |    33 |    31 |       ||    64
       Call Canine Famil |       |    13 |    10 ||    23
  Use: Potion            |       |       |     2 ||     2
       Scroll            |       |       |     1 ||     1
 Stab: Distracted        |     1 |     2 |       ||     3
       Sleeping          |       |     6 |       ||     6
Armor: Skin              |     3 |     4 |     1 ||     8
Dodge: Dodged            |    20 |    97 |    19 ||   136

Levels and vault maps discovered:
D:1:      grunt_arrival_crossed_arrows, layout_loops_ring,
          shapermc_ecumenical_altar_notcrosses, minmay_pentomino_v2
D:2:      layout_rooms, st_stairs_5, dk_noncrumbling_4,
          chequers_serial_rivers_micro_c, uniq_natasha
D:3:      layout_basic, portal_sewer_entry_e, minmay_misc_feat_rows,
          grunt_ministairs_5, uniq_jessica
D:4:      layout_cave_pools, nicolae_ashenzari_panopticon, minmay_joined_circles

Notes
Turn   | Place    | Note
-------+----------+-------------------------------------------
     0 | D:1      | GrayStillPlays the Octopode Summoner began the quest for
                  | the Orb.
     0 | D:1      | Reached XP level 1. HP: 11/11 MP: 3/3
     0 | D:1      | magus.rc [v1.9.6]
   198 | D:1      | HP: 1/11 [giant cockroach (2)]
   649 | D:1      | Reached XP level 2. HP: 17/17 MP: 3/5
  1204 | D:1      | Found a faded altar of an unknown god.
  1442 | D:2      | Reached XP level 3. HP: 12/21 MP: 3/6
  1818 | D:2      | Noticed Natasha
  1824 | D:2      | Killed Natasha
  1825 | D:2      | Reached XP level 4. HP: 18/27 MP: 5/8
  2010 | D:2      | Reached skill level 3 in Dodging
  2279 | D:2      | Noticed Natasha
  2285 | D:2      | Killed Natasha
  2286 | D:2      | Reached skill level 3 in Spellcasting
  2288 | D:2      | Noticed Natasha
  2294 | D:2      | Killed Natasha
  2295 | D:2      | Reached XP level 5. HP: 25/31 MP: 7/9
  2712 | D:3      | Noticed Jessica
  2732 | D:3      | Killed Jessica
  2733 | D:3      | Reached skill level 5 in Summonings
  3085 | D:3      | Found a glowing drain.
  3117 | Sewer    | Entered a sewer
  3298 | Sewer    | Noticed a kobold brigand
  3311 | Sewer    | Reached XP level 6. HP: 26/36 MP: 7/11
  3322 | Sewer    | Reached skill level 4 in Dodging
  3346 | Sewer    | Learned a level 3 spell: Call Canine Familiar
  4211 | Sewer    | Reached skill level 4 in Spellcasting
  4211 | Sewer    | Reached XP level 7. HP: 22/41 MP: 7/13
  4746 | Sewer    | Reached skill level 6 in Summonings
  5737 | D:4      | Noticed a hornet
  5745 | D:4      | HP: 2/41 [hornet (14)]
  5748 | D:4      | Slain by a hornet

Vanquished Creatures
  3 kobold brigands (Sewer)
  Jessica (D:3)
  Natasha (twice) (D:2)
  2 adders
  4 river rats
  2 worms (D:2)
  A dart slug (D:2)
  4 orcs (D:3)
  7 bats
  3 endoplasms
  2 giant cockroaches
  A goblin (D:1)
  2 hobgoblins
  4 jackals (D:3)
  2 quokkas
  4 ball pythons
  A frilled lizard (D:2)
  4 kobolds
  4 rats (D:3)
53 creatures vanquished.

Vanquished Creatures (collateral kills)
  A kobold brigand (Sewer)
  Natasha (D:2)
  5 adders
  2 river rats (Sewer)
  4 worms
  A bat (D:3)
  6 endoplasms
  A giant cockroach (D:2)
  3 goblins
  3 hobgoblins
  2 jackals (D:2)
  4 kobolds (Sewer)
  A quokka (D:1)
  3 frilled lizards (D:2)
  6 rats
43 creatures vanquished.

Grand Total: 96 creatures vanquished

Table legend:
 A = Non-vault XP
 B = Vault XP
 C = Vault XP percentage of total XP
 D = Non-vault monster count
 E = Vault monster count
 F = Vault count percentage of total count
                 A         B        C        D         E       F
            +---------+---------+-------+---------+---------+-------
      Total |     195 |     665 |  77.3 |      53 |      43 |  44.8
            +---------+---------+-------+---------+---------+-------
        D:1 |      19 |       2 |   9.5 |      10 |       1 |   9.1
        D:2 |     129 |      42 |  24.6 |      24 |       3 |  11.1
        D:3 |      44 |      86 |  66.2 |      17 |      11 |  39.3
        D:4 |       3 |       0 |   0.0 |       2 |       0 |   0.0
      Sewer |       0 |     535 | 100.0 |       0 |      28 | 100.0
            +---------+---------+-------+---------+---------+-------

Illustrated notes

Table legend:
 A = Kills in this place as a percentage of kills in entire the game.
 B = Kills by you in this place as a percentage of kills by you in the entire game.
 C = Kills by friends in this place as a percentage of kills by friends in the entire game.
 D = Other kills in this place as a percentage of other kills in the entire game.
 E = Experience gained in this place as a percentage of experience gained in the entire game.
 F = Experience gained in this place divided by the number of levels of this place that you have seen.
                   A       B       C       D       E      F
               +-------+-------+-------+-------+-------+----------------------
         Total | 100.0 | 100.0 | 100.0 |   N/A | 100.0 | 172.0
       Dungeon |  70.8 |  81.1 |  58.1 |   N/A |  37.8 |  81.2
         Sewer |  29.2 |  18.9 |  41.9 |   N/A |  62.2 | 535.0
               +-------+-------+-------+-------+-------+----------------------

Table legend: (Time is in decaauts)
 A = Elapsed time spent in this place.
 B = Non-inter-level travel time spent in this place.
 C = Inter-level travel time spent in this place.
 D = Time resting spent in this place.
 E = Time spent auto-exploring this place.
 F = Levels seen in this place.
 G = Mean time per level.
                   A        B        C        D        E       F      G
               +--------+--------+--------+--------+--------+-----+--------+
         Total |   5798 |   5711 |     87 |    240 |   3990 |   5 | 1159.6 |
       Dungeon |   3895 |   3808 |     87 |      0 |   2780 |   4 |  973.8 |
         Sewer |   1903 |   1903 |      0 |    240 |   1210 |   1 | 1903.0 |
               +--------+--------+--------+--------+--------+-----+--------+

Top non-repeatable levels by time:
   Sewer: 1903 daAuts
     D:1: 1348 daAuts
     D:2: 1265 daAuts
     D:3: 1191 daAuts
     D:4: 90 daAuts
